 Dungeon Crawl Stone Soup version 0.27-a0-416-gca2cecf3c0 (webtiles) character file.

Game seed: 12842915836266602198

16480 Morbidden the Martial Artist (level 12, -3/92 HPs)
             Began as a Demonspawn Artificer on Feb 25, 2021.
             Was an Elder of Vehumet.
             Slain by a storm dragon (12 damage)
             ... on level 13 of the Dungeon.
             The game lasted 00:21:30 (14738 turns).

Morbidden the Martial Artist (DsAr)                Turns: 14738, Time: 00:21:31

Health: -3/92      AC: 10    Str: 20    XL:     12   Next: 10%
Magic:  20/20      EV: 23    Int: 16    God:    Vehumet [****..]
Gold:   486        SH:  0    Dex: 28    Spells: 12/22 levels left

rFire    . . .     SeeInvis .     - Unarmed
rCold    . . .     Faith    .   (no shield)
rNeg     . . .     Spirit   .   K - +2 troll leather armour
rPois    .         Reflect  .   u - +1 helmet
rElec    +         Harm     .   P - +0 cloak {rCorr}
rCorr    +         Rampage  .   (gloves unavailable)
Will     .....                  (no boots)
Stlth    +.........             l - amulet of magic regeneration
HPRegen  1.25/turn              J - ring of Zebroebb {rElec Str+6 Dex+8}
MPRegen  0.42/turn              I - +6 ring of dexterity

@: confused, about to teleport, studying Fighting
A: claws 3, repulsion field 2, powered by death 1, spiny 2
a: Renounce Religion


You were on level 13 of the Dungeon.
You worshipped Vehumet.
Vehumet was greatly pleased with you.
You visited 2 branches of the dungeon, and saw 14 of its levels.

You collected 941 gold pieces.
You spent 455 gold pieces at shops.

Inventory:

Missiles
 p - 11 boomerangs
 q - 3 throwing nets
 E - 3 javelins
 M - 8 poisoned darts
Armour
 i - a +2 ring mail of cold resistance
 r - a +2 robe of resistance
 u - a +1 helmet (worn)
 K - a +2 troll leather armour (worn)
 P - a +0 cloak of preservation (worn)
Jewellery
 f - a +6 ring of intelligence
 l - an amulet of magic regeneration (around neck)
 n - a ring of magical power
 I - a +6 ring of dexterity (right claw)
 J - the ring of Zebroebb (left claw) {rElec Str+6 Dex+8}
   (You acquired it on level 10 of the Dungeon)

   [ring of strength]

   It affects your strength (+6).
   It affects your dexterity (+8).
   It insulates you from electricity.
 U - a ring of positive energy
Wands
 c - a wand of flame (13)
 d - a wand of charming (15)
 w - a wand of iceblast (10)
 F - a wand of random effects (22)
 N - a wand of paralysis (6)
 S - a wand of polymorph (9)
Scrolls
 a - 7 scrolls of teleportation
 g - 14 scrolls of identify
 j - a scroll of fog
 k - a scroll of magic mapping {unknown}
 o - a scroll of amnesia
 s - a scroll of fear
 y - 2 scrolls of blinking {unknown}
 B - a scroll of immolation
 C - a scroll of holy word {unknown}
 D - a scroll of vulnerability {unknown}
 L - a scroll of enchant weapon {unknown}
 T - a scroll of random uselessness {unknown}
Potions
 b - 3 potions of cancellation
 e - 4 potions of berserk rage {unknown}
 h - 2 potions of might
 m - a potion of lignification
 t - 4 potions of magic {unknown}
 v - a potion of attraction {unknown}
 x - 4 potions of curing
 z - 3 potions of haste {unknown}
 A - 2 potions of flight {unknown}
 G - 4 potions of degeneration {unknown}
 H - 2 potions of heal wounds {unknown}
 O - a potion of mutation {unknown}
Miscellaneous
 R - a condenser vane (inert)


   Skills:
 * Level 7.9 Fighting
 + Level 6.2 Armour
 + Level 7.0 Dodging
 + Level 4.1 Stealth
 + Level 10.7 Unarmed Combat
 * Level 5.6 Spellcasting
 + Level 2.4 Conjurations
 * Level 3.4 Air Magic
 * Level 1.3 Poison Magic
 + Level 5.8 Evocations


You had 12 spell levels left.
You knew the following spells:

 Your Spells              Type           Power        Failure   Level
a - Airstrike             Air            7%           11%         4
b - Shock                 Conj/Air       52%          1%          1
c - Magic Dart            Conj           48%          1%          1
d - Olgreb's Toxic Radia  Pois           8%           24%         4

Your spell library contained the following spells:

 Spells                   Type           Power        Failure   Level
 Static Discharge         Conj/Air       13%          4%          3
 Swiftness                Air            15%          6%          2
 Summon Small Mammal      Summ           16%          17%         1
 Call Imp                 Summ           4%           26%         2
 Lightning Bolt           Conj/Air       6%           32%         5
 Call Canine Familiar     Summ           4%           45%         3
 Summon Guardian Golem    Hex/Summ       4%           45%         3
 Summon Lightning Spire   Summ/Air       10%          63%         4
 Summon Ice Beast         Ice/Summ       4%           86%         4


Dungeon Overview and Level Annotations

Branches:
Dungeon (13/15)            Temple (1/1) D:6            Lair (0/6) D:8
    Orc (0/2) D:11
 Vaults: D:13-14

Altars:
Ashenzari
Cheibriados
Dithmenos
Elyvilon
Fedhas
Gozag
Hepliaklqana
Kikubaaqudgha
Makhleb
Nemelex Xobeh
Okawaru
Qazlal
Ru
Sif Muna
Trog
Uskayaw
Vehumet
Wu Jian
Xom
Yredelemnul
Zin
The Shining One

Shops:
D:4 (   D:6 :   D:7 (   D:9 :   D:11 (

Annotations:
D:5 3 runed translucent doors, lupus83's ghost, novice DrIE


Innate Abilities, Weirdness & Mutations

You have claws for hands.
You are surrounded by a moderate repulsion field. (EV +3)
You regenerate a little health from kills.
You are mostly covered in sharp spines.


Message History

Vehumet accepts your kill.
Your Dodging skill increases to level 7!
Unknown command.
Unknown command.
Unknown command.
Okay, then.
Okay, then.
As you read the scroll labelled TAEFECOEXY, it crumbles to dust.
You feel strangely unstable.
It was a scroll of teleportation.
The storm dragon bites you!
* * * LOW HITPOINT WARNING * * *
The storm dragon claws you!
* * * LOW HITPOINT WARNING * * *
The storm dragon tramples you.
* * * LOW HITPOINT WARNING * * *
You stumble backwards!
You feel better.
The storm dragon breathes lightning at you.
The bolt of lightning misses you. The orc warrior barely misses you.
Unknown command.
Unknown command.
Unknown command.
Unknown command.
Unknown command.
Unknown command.
You scratch the storm dragon but do no damage.
The storm dragon is moderately wounded.
The storm dragon misses you. The storm dragon completely misses you.
The storm dragon barely misses you.
The orc warrior hits you from afar with a +0 trident!
* * * LOW HITPOINT WARNING * * *
Unknown command.
Unknown command.
Unknown command.
Unknown command.
You are confused.
You feel invigorated. The storm dragon misses you.
The storm dragon claws you but does no damage.
The storm dragon tramples you!
You die...

#### ....#................
#.... ...##...............
...###...#.......).).....
##..Q#...#.........).....
..#..|.#...#...............
.)..|...!o.#...............
.#.:.T#).#o................
#... #o.#D..........).....
### .o..#@................
.....##.................
....####..................
.... .....................
### .....................
......................
...##...(.......<<<... ####
##################


You could see a storm dragon (catching breath), an orc warrior and an orc.

Vanquished Creatures
  An ettin (D:13)
  A centaur warrior (D:13)
  3 two-headed ogres
  An unseen horror (D:11)
  An ugly thing (D:11)
  A cyclops (D:11)
  Maurice (D:12)
  Psyche (D:12)
  4 trolls
  Prince Ribbit (D:7)
  A hornet (D:8)
  Sigmund (D:3)
  A wyvern (D:13)
  18 yaks
  A basilisk (D:12)
  A soldier ant (D:12)
  A water moccasin (D:5)
  Duvessa (D:6)
  4 ice beasts
  4 orc warriors
  8 sky beasts
  2 eyes of draining
  10 ogres
  5 centaurs
  2 phantoms
  2 kobold brigands
  A gnoll sergeant (D:12)
  6 bullfrogs
  Dowan (D:6)
  A water moccasin skeleton (D:7)
  2 scorpions (D:4)
  16 killer bees
  7 howler monkeys
  2 bullfrog zombies
  4 orc priests
  A centaur zombie (D:7)
  11 hounds
  4 jellies
  A bullfrog skeleton (D:6)
  7 iguanas
  10 orc wizards
  18 worker ants
  A killer bee zombie (D:10)
  3 hound zombies
  2 hound skeletons
  A worker ant zombie (D:6)
  8 gnolls
  13 adders
  3 shadow imps
  A white imp (D:6)
  An ufetubus (D:6)
  3 oozes
  3 adder zombies
  2 adder skeletons
  4 worms
  3 dart slugs
  5 leopard geckos
  45 orcs
  6 giant cockroaches
  5 goblins
  10 hobgoblins
  21 jackals
  19 kobolds
  A quokka (D:3)
  2 ball pythons
  2 bats
  9 frilled lizards
  A jackal zombie (D:6)
  A leopard gecko zombie (D:7)
  2 quokka skeletons
  4 rats
350 creatures vanquished.

Vanquished Creatures (collateral kills)
  An orc (D:3)
  A frilled lizard (D:3)
2 creatures vanquished.

Vanquished Creatures (others)
  An orc priest (D:3)
  A giant cockroach (D:1)
  A goblin (D:3)
  A jackal (D:1)
4 creatures vanquished.

Grand Total: 356 creatures vanquished

Notes
Turn   | Place    | Note
-------+----------+-------------------------------------------
     0 | D:1      | Morbidden the Demonspawn Artificer began the quest for the
                  | Orb.
     0 | D:1      | Reached XP level 1. HP: 15/15 MP: 1/1
   119 | D:1      | Reached skill level 1 in Stealth
   369 | D:1      | Gained mutation: You are partially covered in sharp spines.
                  | [demonic ancestry]
   369 | D:1      | Reached XP level 2. HP: 11/21 MP: 2/2
  1736 | D:1      | Gained mutation: You have sharp fingernails. [demonic
                  | ancestry]
  1736 | D:1      | Reached XP level 3. HP: 21/26 MP: 3/3
  1992 | D:1      | HP: 1/26 [poisoned by an adder]
  1995 | D:1      | Reached skill level 1 in Unarmed Combat
  2170 | D:2      | Reached skill level 1 in Dodging
  2181 | D:2      | Found a bloodstained altar of Trog.
  2392 | D:2      | Gained mutation: You have very sharp fingernails. [demonic
                  | ancestry]
  2392 | D:2      | Reached XP level 4. HP: 31/32 MP: 4/4
  2464 | D:2      | Found a sacrificial altar of Ru.
  2505 | D:2      | Reached skill level 2 in Unarmed Combat
  2921 | D:2      | Found a bloodstained altar of Trog.
  3348 | D:3      | Found a glowing golden altar of the Shining One.
  3351 | D:3      | Found a blossoming altar of Fedhas.
  3354 | D:3      | Found a white marble altar of Elyvilon.
  3398 | D:3      | Gained mutation: You are mostly covered in sharp spines.
                  | [demonic ancestry]
  3398 | D:3      | Reached XP level 5. HP: 38/38 MP: 5/5
  3463 | D:3      | Found a stormy altar of Qazlal.
  3468 | D:3      | Noticed Sigmund
  3580 | D:4      | Reached skill level 3 in Unarmed Combat
  3612 | D:4      | Gained mutation: You are surrounded by a mild repulsion
                  | field. (EV +2) [demonic ancestry]
  3612 | D:4      | Reached XP level 6. HP: 29/44 MP: 6/6
  3953 | D:4      | Reached skill level 4 in Unarmed Combat
  4315 | D:3      | Found a faded altar of an unknown god.
  4416 | D:3      | Killed Sigmund
  4417 | D:3      | Reached XP level 7. HP: 51/51 MP: 7/7
  4720 | D:4      | Reached skill level 5 in Unarmed Combat
  5533 | D:4      | Found Xiohistralu's Weapon Shoppe.
  5771 | D:4      | Reached XP level 8. HP: 46/58 MP: 8/8
  5997 | D:5      | Entered Level 5 of the Dungeon
  6177 | D:5      | Reached skill level 6 in Unarmed Combat
  6751 | D:5      | Found a runed translucent gate.
  6752 | D:5      | Found a runed translucent gate.
  6755 | D:5      | Found a runed translucent gate.
  6755 | D:5      | Noticed lupus83's ghost (novice DrIE)
  6755 | D:5      | Identified the +6 rapier of Compassion {drain, Will+
                  | Stlth+}
  6776 | D:5      | Reached skill level 5 in Evocations
  7064 | D:6      | Found Petisot's Book Boutique.
  7286 | D:6      | Gained mutation: You regenerate a little health from kills.
                  | [demonic ancestry]
  7286 | D:6      | Reached XP level 9. HP: 25/66 MP: 9/9
  7479 | D:6      | Found a staircase to the Ecumenical Temple.
  7479 | D:6      | Noticed Dowan
  7480 | D:6      | Noticed Duvessa
  7486 | D:6      | Killed Dowan
  7492 | D:6      | Killed Duvessa
  7502 | Temple   | Entered the Ecumenical Temple
  7865 | Temple   | Became a worshipper of Vehumet
  7900 | D:6      | Found a shimmering altar of Xom.
  7901 | D:6      | Found a hazy altar of Hepliaklqana.
  7902 | D:6      | Noticed a spectral ugly thing
  8024 | D:6      | Found a snail-covered altar of Cheibriados.
  8063 | D:7      | Reached skill level 7 in Unarmed Combat
  8080 | D:7      | Reached skill level 1 in Spellcasting
  8151 | D:7      | Found an iron altar of Okawaru.
  8430 | D:7      | Found Ymeolu's Antique Weapon Shoppe.
  8629 | D:7      | Found a shadowy altar of Dithmenos.
  8675 | D:7      | Noticed Prince Ribbit
  8684 | D:7      | Killed Prince Ribbit
  8801 | D:7      | Found an ornate altar of the Wu Jian Council.
  9052 | D:8      | Found a staircase to the Lair.
  9355 | D:8      | Reached skill level 5 in Armour
  9459 | D:8      | Reached * piety under Vehumet
  9459 | D:8      | Offered knowledge of Magic Dart by Vehumet.
  9464 | D:8      | Learned a level 1 spell: Magic Dart
  9772 | D:8      | Reached skill level 5 in Fighting
  9772 | D:8      | Reached skill level 8 in Unarmed Combat
 10383 | D:9      | Noticed a two-headed ogre
 10393 | D:9      | Killed a two-headed ogre
 10394 | D:9      | Reached skill level 1 in Conjurations
 10394 | D:9      | Gained mutation: You are surrounded by a moderate repulsion
                  | field. (EV +3) [demonic ancestry]
 10394 | D:9      | Reached XP level 10. HP: 63/74 MP: 12/14
 10551 | D:9      | Reached skill level 5 in Dodging
 10799 | D:9      | Found Pysimooni's Book Boutique.
 10833 | D:9      | Found a broken altar of Ashenzari.
 10861 | D:9      | Reached ** piety under Vehumet
 11033 | D:9      | Reached skill level 9 in Unarmed Combat
 11054 | D:9      | Offered knowledge of Shock by Vehumet.
 11059 | D:9      | Learned a level 1 spell: Shock
 11428 | D:6      | Bought a book of Air for 455 gold pieces
 11433 | D:6      | Learned a level 4 spell: Airstrike
 11782 | D:10     | Entered Level 10 of the Dungeon
 11962 | D:10     | Noticed a two-headed ogre
 11973 | D:10     | Killed a two-headed ogre
 11974 | D:10     | Reached skill level 1 in Air Magic
 12141 | D:10     | Identified a scroll of acquirement
 12141 | D:10     | Acquired the ring of Zebroebb {rElec Str+6 Dex+8}
 12520 | D:10     | Gained mutation: You have claws for hands. [demonic
                  | ancestry]
 12520 | D:10     | Reached XP level 11. HP: 81/81 MP: 16/16
 12683 | D:11     | Found a staircase to the Orcish Mines.
 12683 | D:11     | Found Imegijel's Weapon Shop.
 12685 | D:11     | Offered knowledge of Mephitic Cloud by Vehumet.
 12803 | D:11     | Reached *** piety under Vehumet
 12975 | D:11     | Noticed a cyan ugly thing
 12980 | D:11     | Killed a cyan ugly thing
 13002 | D:11     | Killed an unseen horror
 13003 | D:11     | Reached skill level 10 in Unarmed Combat
 13321 | D:11     | Noticed a two-headed ogre
 13328 | D:11     | Killed a two-headed ogre
 13623 | D:12     | Offered knowledge of Ignite Poison by Vehumet.
 13695 | D:12     | Noticed a four-headed hydra
 13795 | D:11     | Acquired a manual of Fighting
 13887 | D:12     | Reached skill level 5 in Spellcasting
 13926 | D:12     | Noticed Maurice
 13937 | D:12     | Killed Maurice
 14069 | D:12     | Noticed Psyche
 14076 | D:12     | Killed Psyche
 14232 | D:12     | Reached **** piety under Vehumet
 14443 | D:13     | Offered knowledge of Olgreb's Toxic Radiance by Vehumet.
 14450 | D:13     | Learned a level 4 spell: Olgreb's Toxic Radiance
 14552 | D:13     | Noticed a centaur warrior
 14560 | D:13     | Killed a centaur warrior
 14561 | D:13     | Reached skill level 1 in Poison Magic
 14561 | D:13     | Reached XP level 12. HP: 84/91 MP: 20/20
 14723 | D:13     | Noticed a storm dragon
 14723 | D:13     | Noticed an ettin
 14724 | D:13     | Noticed a deep troll earth mage
 14725 | D:13     | Noticed a tengu reaver
 14732 | D:13     | Killed an ettin
 14737 | D:13     | HP: 4/92 [orc warrior/+0 trident (11)]
 14738 | D:13     | Slain by a storm dragon

Illustrated notes

Levels and vault maps discovered:
D:1:      lemuel_arrival_behind_the_door_small, layout_basic
D:2:      layout_rooms, nicolae_overflow_crystal_walls, hangedman_ru_absence,
          st_stairs_10, trog_book
D:3:      layout_rooms, nicolae_qazlal_general_emergency,
          grunt_temple_overflow_diamond, chequers_ecumenical_altar_simple_redux,
          uniq_sigmund
D:4:      minmay_razor_zed, layout_cave_pools, serial_shops, kennysheep_mini
D:5:      layout_cave_pools, gammafunk_ghost_nasty_kobolds,
          kennysheep_windowed_goal
D:6:      layout_basic, regret_index_temple_of_mockery, cheibriados_altar_1,
          minmay_temple_entry_large_hall, serial_shops, shop, dk_noncrumbling_3,
          kennysheep_generic_room_13, uniq_duvessa
D:7:      layout_basic, grunt_dithmenos_shadows, nzn_wu_jian_council_hall,
          okawaru_ov_weapons_minmay, serial_shops, shop, uniq_prince_ribbit1
D:8:      layout_basic, dpeg_oklobed_lair
D:9:      layout_small_grid, lemuel_coloured_pillars_altar, serial_shops, shop
D:10:     layout_basic
D:11:     layout_loops_ring, orc_david_3
D:12:     layout_basic, lightli_corner_chamber, uniq_psyche, uniq_maurice
D:13:     layout_big_octagon, david_vaults_1, serial_shops,
          kennysheep_mini_moat, minmay_radiant
Temple:   compressed_dpeg_triangle_lava_temple

Skill      XL: |  1  2  3  4  5  6  7  8  9 10 11 12 |
---------------+-------------------------------------+-----
Stealth        | 1 2 4 |  4.1
Armour         | 2 3 4 5 6 |  6.2
Unarmed Combat | 1 2 3 4 5 6 8 9 10 | 10.7
Dodging        | 1 2 3 4 5 6 7 |  7.0
Fighting       | 2 3 4 5 7 |  7.9
Evocations     | 4 5 |  5.8
Spellcasting   | 2 3 5 |  5.6
Conjurations   | 1 2 |  2.4
Air Magic      | 1 3 |  3.4
Poison Magic   | 1 |  1.3

Action                   |  1- 3 |  4- 6 |  7- 9 | 10-12 || total
-------------------------+-------+-------+-------+-------++-------
Melee: Unarmed           |   150 |   111 |   304 |   364 ||   929
       Punch             |       |     2 |     8 |    32 ||    42
Evoke: Wand              |     6 |    10 |     9 |     5 ||    30
       Condenser vane    |       |       |       |     1 ||     1
  Use: Potion            |     3 |       |     1 |     2 ||     6
       Scroll            |       |     2 |       |     9 ||    11
 Stab: Sleeping          |       |       |     3 |    10 ||    13
       Distracted        |       |       |       |     2 ||     2
Armor: Leather armour    |    55 |     3 |       |       ||    58
       Ring mail         |       |    30 |    82 |    28 ||   140
       Skin              |       |       |     7 |       ||     7
       Troll leather arm |       |       |       |    61 ||    61
Dodge: Dodged            |   106 |    52 |   178 |   301 ||   637

Table legend: (Time is in decaauts)
 A = Elapsed time spent in this place.
 B = Non-inter-level travel time spent in this place.
 C = Inter-level travel time spent in this place.
 D = Time resting spent in this place.
 E = Time spent auto-exploring this place.
 F = Levels seen in this place.
 G = Mean time per level.
                   A        B        C        D        E       F      G
               +--------+--------+--------+--------+--------+-----+--------+
         Total |  14642 |  13870 |    772 |   2347 |   9069 |  14 | 1045.9 |
       Dungeon |  14265 |  13493 |    772 |   2347 |   8737 |  13 | 1097.3 |
        Temple |    377 |    377 |      0 |      0 |    332 |   1 |  377.0 |
               +--------+--------+--------+--------+--------+-----+--------+

Top non-repeatable levels by time:
     D:1: 2227 daAuts
     D:3: 1558 daAuts
     D:8: 1342 daAuts
     D:4: 1315 daAuts
     D:7: 1076 daAuts
     D:2: 1074 daAuts
     D:5: 1060 daAuts
     D:9: 998 daAuts
    D:12: 878 daAuts
    D:10: 863 daAuts
    D:11: 853 daAuts
     D:6: 708 daAuts
  Temple: 377 daAuts
    D:13: 307 daAuts
